 Dungeon Crawl Stone Soup version 0.28.0-49-g6dfe1f597d (webtiles) character file.

Game seed: 10560610878263369739

207 Exodus22XD the Poker (level 5, -4/33 (39) HPs)
             Began as a Demonspawn Gladiator on May 15, 2022.
             Slain by Edmund
             ... wielding a +2 flail of draining
              (6 damage)
             ... on level 4 of the Dungeon.
             The game lasted 00:02:17 (2457 turns).

Exodus22XD the Poker (Demonspawn Gladiator)         Turns: 2457, Time: 00:02:17

HP:   -4/33 (39)    AC:  4    Str: 17    XL:     5   Next: 54%
MP:   5/5           EV: 12    Int:  9    God:
Gold: 164           SH:  0    Dex: 14    Spells: 4/4 levels left

rFire   + . .      SeeInvis .   a - +0 trident
rCold   . . .      Faith    .   (no shield)
rNeg    . . .      Spirit   .   b - +0 leather armour
rPois   .          Reflect  .   c - +0 helmet
rElec   .          Harm     .   (no cloak)
rCorr   .          Rampage  .   (no gloves)
Will    .....                   (no boots)
Stlth   +.........              (no amulet)
HPRegen 0.11/turn               h - ring of protection from fire
MPRegen 0.18/turn               (no ring)

@: hasted, heavily drained, very quick
A: hooves 1, magic regeneration
a: no special abilities


You were on level 4 of the Dungeon.
You visited 1 branch of the dungeon, and saw 4 of its levels.

You collected 164 gold pieces.

Inventory:

Hand Weapons
 a - a +0 trident (weapon)
Missiles
 d - 3 throwing nets (quivered)
Armour
 b - a +0 leather armour (worn)
 c - a +0 helmet (worn)
 o - the +5 robe of Misfortune {Harm *Corrode *Slow EV+5}
   (You found it on level 4 of the Dungeon)

   EV:        It affects your evasion (+5).
   *Corrode:  It may corrode you when you take damage.
   *Slow:     It may slow you when you take damage.
   Harm:      It increases damage dealt and taken.
Jewellery
 h - a ring of protection from fire (left hand)
Scrolls
 i - 2 scrolls of vulnerability {unknown}
 k - a scroll of blinking {unknown}
 m - 2 scrolls of identify
 n - a scroll of magic mapping {unknown}
Potions
 e - 2 potions of haste
 f - 2 potions of curing {unknown}
 g - a potion of brilliance {unknown}
 j - a potion of degeneration {unknown}
 l - a potion of attraction {unknown}


   Skills:
 + Level 2.6 Fighting
 + Level 4.4 Polearms
 + Level 1.9 Throwing
 + Level 1.6 Armour
 + Level 3.4 Dodging
 + Level 0.7 Stealth


You had 4 spell levels left.
You didn't know any spells.
Your spell library was empty.

Dungeon Overview and Level Annotations

Branches:
Dungeon (4/15)
 Temple: D:4-7

Altars:

Annotations:
D:4 Edmund


Innate Abilities, Weirdness & Mutations

You have large cloven feet.
You regenerate magic rapidly.


Message History

Edmund is nearby!
Edmund says, "People think my brother is the best.
I think he's crazy."
Okay, then.
Okay, then.
Press: ? - help, v - describe, . - travel
Here: Edmund, wielding a +2 flail of draining and wearing a +0 leather armour The floor.
As you read the scroll labelled CIKKEIRIRGH, it crumbles to dust.
It is a scroll of identify.
e - 3 potions of haste You feel yourself speed up.
Edmund closely misses you.
You hit Edmund.
Edmund is lightly wounded.
Edmund hits you with a +2 flail of draining.
You feel drained.
You hit Edmund. You kick Edmund.
Edmund is moderately wounded.
You barely miss Edmund. You kick Edmund, but do no damage.
Edmund is moderately wounded.
Edmund hits you with a +2 flail of draining!
You feel drained.
You hit Edmund but do no damage. You kick Edmund, but do no damage.
Edmund is moderately wounded.
Edmund hits you with a +2 flail of draining.
You feel drained.
You hit Edmund. Your kick misses Edmund.
Edmund is moderately wounded.
Edmund says, "People think my brother is the best.
I think he's crazy."
Edmund closely misses you.
You hit Edmund but do no damage. You kick Edmund, but do no damage.
Edmund is moderately wounded.
You closely miss Edmund.
Edmund is moderately wounded.
Edmund closely misses you.
You puncture Edmund! You kick Edmund.
Edmund is heavily wounded.
Edmund hits you with a +2 flail of draining!
* * * LOW HITPOINT WARNING * * *
You feel drained.
You die...

### #. .. #.#
.#
###.#.#####.#
......@@...#
#..#.####..#
#..#.####..#
#..#.#.....#
#.....###.#
#.#.#######
###.#.#.[.#
#.........# .
#.#.##.####...


You could see Edmund.

Vanquished Creatures
  A centaur (D:4)
  An iguana (D:4)
  A hound skeleton (D:4)
  4 adders
  A dart slug (D:3)
  An orc (D:3)
  3 ball pythons
  4 bats
  5 endoplasms
  3 giant cockroaches
  6 goblins
  6 hobgoblins
  2 quokkas
  4 frilled lizards
  4 kobolds
  2 rats
48 creatures vanquished.

Notes
Turn   | Place    | Note
-------+----------+-------------------------------------------
     0 | D:1      | Exodus22XD the Demonspawn Gladiator began the quest for the
                  | Orb.
     0 | D:1      | Reached XP level 1. HP: 16/16 MP: 1/1
   262 | D:1      | Reached skill level 3 in Polearms
   263 | D:1      | Discovered your monstrous ancestry.
   263 | D:1      | Gained mutation: You have large cloven feet. [demonic
                  | ancestry]
   263 | D:1      | Reached XP level 2. HP: 15/22 MP: 2/2
   767 | D:2      | Gained mutation: You regenerate magic rapidly. [demonic
                  | ancestry]
   767 | D:2      | Reached XP level 3. HP: 14/27 MP: 3/3
  1400 | D:3      | Found a faded altar of an unknown god.
  1585 | D:3      | Reached XP level 4. HP: 24/33 MP: 4/4
  2115 | D:4      | Found the +5 robe of Misfortune {Harm *Corrode *Slow EV+5}
  2118 | D:4      | Noticed a centaur
  2131 | D:4      | Killed a centaur
  2132 | D:4      | Reached skill level 4 in Polearms
  2132 | D:4      | Reached skill level 1 in Armour
  2132 | D:4      | Reached XP level 5. HP: 24/39 MP: 5/5
  2445 | D:4      | Noticed Edmund
  2457 | D:4      | Slain by Edmund

Illustrated notes

Levels and vault maps discovered:
D:1:      lemuel_arrival_broad_hall, layout_rooms
D:2:      layout_rooms
D:3:      layout_loops_cross, nicolae_ecumenical_oubliette,
          grunt_decor_arrowhead, minmay_unequal
D:4:      layout_basic, tgw_sif, nicolae_elevator_lobby_asterisk, uniq_edmund

Skill      XL: |  1  2  3  4 |
---------------+-------------+-----
Polearms       | 3 4 |  4.4
Dodging        | 3 |  3.4
Armour         | 1 |  1.6
Fighting       | |  2.6
Throwing       | |  1.9
Stealth        | |  0.7

Action                   |  1- 3 |  4- 6 || total
-------------------------+-------+-------++-------
Melee: Trident           |    87 |    45 ||   132
       Kick              |     9 |    13 ||    22
       Punch             |       |     1 ||     1
  Use: Scroll            |       |     1 ||     1
       Potion            |       |     1 ||     1
 Stab: Sleeping          |     2 |       ||     2
Armor: Leather armour    |    16 |     6 ||    22
Dodge: Dodged            |    33 |    22 ||    55
